%YAML 1.1
%TAG !u! tag:unity3d.com,2011:
--- !u!1 &1676612581642286526
GameObject:
  m_ObjectHideFlags: 0
  m_CorrespondingSourceObject: {fileID: 0}
  m_PrefabInstance: {fileID: 0}
  m_PrefabAsset: {fileID: 0}
  serializedVersion: 6
  m_Component:
  - component: {fileID: 7101063533097011456}
  m_Layer: 6
  m_Name: FirePoint
  m_TagString: Untagged
  m_Icon: {fileID: 0}
  m_NavMeshLayer: 0
  m_StaticEditorFlags: 0
  m_IsActive: 1
--- !u!4 &7101063533097011456
Transform:
  m_ObjectHideFlags: 0
  m_CorrespondingSourceObject: {fileID: 0}
  m_PrefabInstance: {fileID: 0}
  m_PrefabAsset: {fileID: 0}
  m_GameObject: {fileID: 1676612581642286526}
  m_LocalRotation: {x: 0, y: 0, z: 0, w: 1}
  m_LocalPosition: {x: 0, y: 0.16, z: 3.46}
  m_LocalScale: {x: 1, y: 1, z: 1}
  m_Children: []
  m_Father: {fileID: 2049872936095699096}
  m_RootOrder: 0
  m_LocalEulerAnglesHint: {x: 0, y: 0, z: 0}
--- !u!1 &2049872935876599659
GameObject:
  m_ObjectHideFlags: 0
  m_CorrespondingSourceObject: {fileID: 0}
  m_PrefabInstance: {fileID: 0}
  m_PrefabAsset: {fileID: 0}
  serializedVersion: 6
  m_Component:
  - component: {fileID: 2049872935876599658}
  - component: {fileID: 2049872935868369297}
  - component: {fileID: 8031280502019443944}
  m_Layer: 6
  m_Name: RocketTurret
  m_TagString: Turret
  m_Icon: {fileID: 0}
  m_NavMeshLayer: 0
  m_StaticEditorFlags: 0
  m_IsActive: 1
--- !u!4 &2049872935876599658
Transform:
  m_ObjectHideFlags: 0
  m_CorrespondingSourceObject: {fileID: 0}
  m_PrefabInstance: {fileID: 0}
  m_PrefabAsset: {fileID: 0}
  m_GameObject: {fileID: 2049872935876599659}
  m_LocalRotation: {x: 0, y: 0, z: 0, w: 1}
  m_LocalPosition: {x: 25, y: 0.5, z: -5}
  m_LocalScale: {x: 1, y: 1, z: 1}
  m_Children:
  - {fileID: 2049872936884144066}
  - {fileID: 7454149003147994974}
  m_Father: {fileID: 0}
  m_RootOrder: 0
  m_LocalEulerAnglesHint: {x: 0, y: 0, z: 0}
--- !u!114 &2049872935868369297
MonoBehaviour:
  m_ObjectHideFlags: 0
  m_CorrespondingSourceObject: {fileID: 0}
  m_PrefabInstance: {fileID: 0}
  m_PrefabAsset: {fileID: 0}
  m_GameObject: {fileID: 2049872935876599659}
  m_Enabled: 1
  m_EditorHideFlags: 0
  m_Script: {fileID: 11500000, guid: 119ca90829346734f9c2e23b0109acb2, type: 3}
  m_Name: 
  m_EditorClassIdentifier: 
  thisTurretType: 1
  turretStats: {fileID: 11400000, guid: fdd1284b59e760c4992e396d7963a98f, type: 2}
  range: 0
  health: 0
  fireRate: 0
  timeBetweenShots: 0
  bullet: {fileID: 0}
  firePoint: {fileID: 7101063533097011456}
  rotationSpeed: 0
  enemyTag: Enemy
  turretHead: {fileID: 2049872936095699096}
  healthBar: {fileID: 7454149001945206588}
--- !u!65 &8031280502019443944
BoxCollider:
  m_ObjectHideFlags: 0
  m_CorrespondingSourceObject: {fileID: 0}
  m_PrefabInstance: {fileID: 0}
  m_PrefabAsset: {fileID: 0}
  m_GameObject: {fileID: 2049872935876599659}
  m_Material: {fileID: 0}
  m_IsTrigger: 0
  m_Enabled: 1
  serializedVersion: 2
  m_Size: {x: 1, y: 1, z: 1}
  m_Center: {x: 0, y: 0, z: 0}
--- !u!1 &2049872936095699097
GameObject:
  m_ObjectHideFlags: 0
  m_CorrespondingSourceObject: {fileID: 0}
  m_PrefabInstance: {fileID: 0}
  m_PrefabAsset: {fileID: 0}
  serializedVersion: 6
  m_Component:
  - component: {fileID: 2049872936095699096}
  - component: {fileID: 2049872936095699098}
  - component: {fileID: 2049872936095699099}
  m_Layer: 6
  m_Name: TBasic_lvl1_top
  m_TagString: Untagged
  m_Icon: {fileID: 0}
  m_NavMeshLayer: 0
  m_StaticEditorFlags: 0
  m_IsActive: 1
--- !u!4 &2049872936095699096
Transform:
  m_ObjectHideFlags: 0
  m_CorrespondingSourceObject: {fileID: 0}
  m_PrefabInstance: {fileID: 0}
  m_PrefabAsset: {fileID: 0}
  m_GameObject: {fileID: 2049872936095699097}
  m_LocalRotation: {x: -0, y: -0, z: -0, w: 1}
  m_LocalPosition: {x: 0, y: 1.537, z: 0}
  m_LocalScale: {x: 0.25, y: 0.25, z: 0.25}
  m_Children:
  - {fileID: 7101063533097011456}
  m_Father: {fileID: 2049872936884144066}
  m_RootOrder: 0
  m_LocalEulerAnglesHint: {x: 0, y: 0, z: 0}
--- !u!33 &2049872936095699098
MeshFilter:
  m_ObjectHideFlags: 0
  m_CorrespondingSourceObject: {fileID: 0}
  m_PrefabInstance: {fileID: 0}
  m_PrefabAsset: {fileID: 0}
  m_GameObject: {fileID: 2049872936095699097}
  m_Mesh: {fileID: 4300004, guid: db26e966ac015b443890b9346c614e0c, type: 3}
--- !u!23 &2049872936095699099
MeshRenderer:
  m_ObjectHideFlags: 0
  m_CorrespondingSourceObject: {fileID: 0}
  m_PrefabInstance: {fileID: 0}
  m_PrefabAsset: {fileID: 0}
  m_GameObject: {fileID: 2049872936095699097}
  m_Enabled: 1
  m_CastShadows: 1
  m_ReceiveShadows: 1
  m_DynamicOccludee: 1
  m_MotionVectors: 1
  m_LightProbeUsage: 1
  m_ReflectionProbeUsage: 1
  m_RayTracingMode: 2
  m_RayTraceProcedural: 0
  m_RenderingLayerMask: 1
  m_RendererPriority: 0
  m_Materials:
  - {fileID: 2100000, guid: 964ea7386bb741c47893fc6f78a3e2c1, type: 2}
  m_StaticBatchInfo:
    firstSubMesh: 0
    subMeshCount: 0
  m_StaticBatchRoot: {fileID: 0}
  m_ProbeAnchor: {fileID: 0}
  m_LightProbeVolumeOverride: {fileID: 0}
  m_ScaleInLightmap: 1
  m_ReceiveGI: 1
  m_PreserveUVs: 0
  m_IgnoreNormalsForChartDetection: 0
  m_ImportantGI: 0
  m_StitchLightmapSeams: 0
  m_SelectedEditorRenderState: 3
  m_MinimumChartSize: 4
  m_AutoUVMaxDistance: 0.5
  m_AutoUVMaxAngle: 89
  m_LightmapParameters: {fileID: 0}
  m_SortingLayerID: 0
  m_SortingLayer: 0
  m_SortingOrder: 0
  m_AdditionalVertexStreams: {fileID: 0}
--- !u!1 &2049872936884144067
GameObject:
  m_ObjectHideFlags: 0
  m_CorrespondingSourceObject: {fileID: 0}
  m_PrefabInstance: {fileID: 0}
  m_PrefabAsset: {fileID: 0}
  serializedVersion: 6
  m_Component:
  - component: {fileID: 2049872936884144066}
  - component: {fileID: 2049872936884144068}
  - component: {fileID: 2049872936884144069}
  m_Layer: 6
  m_Name: TBasic_lvl1_bot
  m_TagString: Untagged
  m_Icon: {fileID: 0}
  m_NavMeshLayer: 0
  m_StaticEditorFlags: 0
  m_IsActive: 1
--- !u!4 &2049872936884144066
Transform:
  m_ObjectHideFlags: 0
  m_CorrespondingSourceObject: {fileID: 0}
  m_PrefabInstance: {fileID: 0}
  m_PrefabAsset: {fileID: 0}
  m_GameObject: {fileID: 2049872936884144067}
  m_LocalRotation: {x: -0, y: -0, z: -0, w: 1}
  m_LocalPosition: {x: 0, y: 0, z: 0}
  m_LocalScale: {x: 1, y: 1, z: 1}
  m_Children:
  - {fileID: 2049872936095699096}
  m_Father: {fileID: 2049872935876599658}
  m_RootOrder: 0
  m_LocalEulerAnglesHint: {x: 0, y: 0, z: 0}
--- !u!33 &2049872936884144068
MeshFilter:
  m_ObjectHideFlags: 0
  m_CorrespondingSourceObject: {fileID: 0}
  m_PrefabInstance: {fileID: 0}
  m_PrefabAsset: {fileID: 0}
  m_GameObject: {fileID: 2049872936884144067}
  m_Mesh: {fileID: 4300000, guid: c8507fecf542c8c409e60220a3f0283a, type: 3}
--- !u!23 &2049872936884144069
MeshRenderer:
  m_ObjectHideFlags: 0
  m_CorrespondingSourceObject: {fileID: 0}
  m_PrefabInstance: {fileID: 0}
  m_PrefabAsset: {fileID: 0}
  m_GameObject: {fileID: 2049872936884144067}
  m_Enabled: 1
  m_CastShadows: 1
  m_ReceiveShadows: 1
  m_DynamicOccludee: 1
  m_MotionVectors: 1
  m_LightProbeUsage: 1
  m_ReflectionProbeUsage: 1
  m_RayTracingMode: 2
  m_RayTraceProcedural: 0
  m_RenderingLayerMask: 1
  m_RendererPriority: 0
  m_Materials:
  - {fileID: 2100000, guid: 964ea7386bb741c47893fc6f78a3e2c1, type: 2}
  m_StaticBatchInfo:
    firstSubMesh: 0
    subMeshCount: 0
  m_StaticBatchRoot: {fileID: 0}
  m_ProbeAnchor: {fileID: 0}
  m_LightProbeVolumeOverride: {fileID: 0}
  m_ScaleInLightmap: 1
  m_ReceiveGI: 1
  m_PreserveUVs: 0
  m_IgnoreNormalsForChartDetection: 0
  m_ImportantGI: 0
  m_StitchLightmapSeams: 0
  m_SelectedEditorRenderState: 3
  m_MinimumChartSize: 4
  m_AutoUVMaxDistance: 0.5
  m_AutoUVMaxAngle: 89
  m_LightmapParameters: {fileID: 0}
  m_SortingLayerID: 0
  m_SortingLayer: 0
  m_SortingOrder: 0
  m_AdditionalVertexStreams: {fileID: 0}
--- !u!1001 &8704242136861966648
PrefabInstance:
  m_ObjectHideFlags: 0
  serializedVersion: 2
  m_Modification:
    m_TransformParent: {fileID: 2049872935876599658}
    m_Modifications:
    - target: {fileID: 2286099204497722886, guid: 0a68735ccc3f5124a80a52425c55df1d, type: 3}
      propertyPath: m_Layer
      value: 6
      objectReference: {fileID: 0}
    - target: {fileID: 2286099204833492008, guid: 0a68735ccc3f5124a80a52425c55df1d, type: 3}
      propertyPath: m_Layer
      value: 6
      objectReference: {fileID: 0}
    - target: {fileID: 2286099205444527716, guid: 0a68735ccc3f5124a80a52425c55df1d, type: 3}
      propertyPath: m_PresetInfoIsWorld
      value: 1
      objectReference: {fileID: 0}
    - target: {fileID: 2286099205444527718, guid: 0a68735ccc3f5124a80a52425c55df1d, type: 3}
      propertyPath: m_Pivot.x
      value: 0.5
      objectReference: {fileID: 0}
    - target: {fileID: 2286099205444527718, guid: 0a68735ccc3f5124a80a52425c55df1d, type: 3}
      propertyPath: m_Pivot.y
      value: 0.5
      objectReference: {fileID: 0}
    - target: {fileID: 2286099205444527718, guid: 0a68735ccc3f5124a80a52425c55df1d, type: 3}
      propertyPath: m_RootOrder
      value: 1
      objectReference: {fileID: 0}
    - target: {fileID: 2286099205444527718, guid: 0a68735ccc3f5124a80a52425c55df1d, type: 3}
      propertyPath: m_AnchorMax.x
      value: 0.5
      objectReference: {fileID: 0}
    - target: {fileID: 2286099205444527718, guid: 0a68735ccc3f5124a80a52425c55df1d, type: 3}
      propertyPath: m_AnchorMax.y
      value: 0.5
      objectReference: {fileID: 0}
    - target: {fileID: 2286099205444527718, guid: 0a68735ccc3f5124a80a52425c55df1d, type: 3}
      propertyPath: m_AnchorMin.x
      value: 0.5
      objectReference: {fileID: 0}
    - target: {fileID: 2286099205444527718, guid: 0a68735ccc3f5124a80a52425c55df1d, type: 3}
      propertyPath: m_AnchorMin.y
      value: 0.5
      objectReference: {fileID: 0}
    - target: {fileID: 2286099205444527718, guid: 0a68735ccc3f5124a80a52425c55df1d, type: 3}
      propertyPath: m_SizeDelta.x
      value: 143.0597
      objectReference: {fileID: 0}
    - target: {fileID: 2286099205444527718, guid: 0a68735ccc3f5124a80a52425c55df1d, type: 3}
      propertyPath: m_SizeDelta.y
      value: 56.2677
      objectReference: {fileID: 0}
    - target: {fileID: 2286099205444527718, guid: 0a68735ccc3f5124a80a52425c55df1d, type: 3}
      propertyPath: m_LocalPosition.x
      value: 0
      objectReference: {fileID: 0}
    - target: {fileID: 2286099205444527718, guid: 0a68735ccc3f5124a80a52425c55df1d, type: 3}
      propertyPath: m_LocalPosition.y
      value: 0
      objectReference: {fileID: 0}
    - target: {fileID: 2286099205444527718, guid: 0a68735ccc3f5124a80a52425c55df1d, type: 3}
      propertyPath: m_LocalPosition.z
      value: 0.305
      objectReference: {fileID: 0}
    - target: {fileID: 2286099205444527718, guid: 0a68735ccc3f5124a80a52425c55df1d, type: 3}
      propertyPath: m_LocalRotation.w
      value: 0.92387956
      objectReference: {fileID: 0}
    - target: {fileID: 2286099205444527718, guid: 0a68735ccc3f5124a80a52425c55df1d, type: 3}
      propertyPath: m_LocalRotation.x
      value: 0.38268343
      objectReference: {fileID: 0}
    - target: {fileID: 2286099205444527718, guid: 0a68735ccc3f5124a80a52425c55df1d, type: 3}
      propertyPath: m_LocalRotation.y
      value: 0
      objectReference: {fileID: 0}
    - target: {fileID: 2286099205444527718, guid: 0a68735ccc3f5124a80a52425c55df1d, type: 3}
      propertyPath: m_LocalRotation.z
      value: 0
      objectReference: {fileID: 0}
    - target: {fileID: 2286099205444527718, guid: 0a68735ccc3f5124a80a52425c55df1d, type: 3}
      propertyPath: m_AnchoredPosition.x
      value: 0
      objectReference: {fileID: 0}
    - target: {fileID: 2286099205444527718, guid: 0a68735ccc3f5124a80a52425c55df1d, type: 3}
      propertyPath: m_AnchoredPosition.y
      value: 2.25
      objectReference: {fileID: 0}
    - target: {fileID: 2286099205444527718, guid: 0a68735ccc3f5124a80a52425c55df1d, type: 3}
      propertyPath: m_LocalEulerAnglesHint.x
      value: 45
      objectReference: {fileID: 0}
    - target: {fileID: 2286099205444527718, guid: 0a68735ccc3f5124a80a52425c55df1d, type: 3}
      propertyPath: m_LocalEulerAnglesHint.y
      value: 0
      objectReference: {fileID: 0}
    - target: {fileID: 2286099205444527718, guid: 0a68735ccc3f5124a80a52425c55df1d, type: 3}
      propertyPath: m_LocalEulerAnglesHint.z
      value: 0
      objectReference: {fileID: 0}
    - target: {fileID: 2286099205444527719, guid: 0a68735ccc3f5124a80a52425c55df1d, type: 3}
      propertyPath: m_Name
      value: EnemyHealthCanvas
      objectReference: {fileID: 0}
    - target: {fileID: 2286099205444527719, guid: 0a68735ccc3f5124a80a52425c55df1d, type: 3}
      propertyPath: m_Layer
      value: 6
      objectReference: {fileID: 0}
    - target: {fileID: 2286099205444527719, guid: 0a68735ccc3f5124a80a52425c55df1d, type: 3}
      propertyPath: m_IsActive
      value: 1
      objectReference: {fileID: 0}
    m_RemovedComponents: []
  m_SourcePrefab: {fileID: 100100000, guid: 0a68735ccc3f5124a80a52425c55df1d, type: 3}
--- !u!224 &7454149003147994974 stripped
RectTransform:
  m_CorrespondingSourceObject: {fileID: 2286099205444527718, guid: 0a68735ccc3f5124a80a52425c55df1d, type: 3}
  m_PrefabInstance: {fileID: 8704242136861966648}
  m_PrefabAsset: {fileID: 0}
--- !u!114 &7454149001945206588 stripped
MonoBehaviour:
  m_CorrespondingSourceObject: {fileID: 2286099204497722884, guid: 0a68735ccc3f5124a80a52425c55df1d, type: 3}
  m_PrefabInstance: {fileID: 8704242136861966648}
  m_PrefabAsset: {fileID: 0}
  m_GameObject: {fileID: 0}
  m_Enabled: 1
  m_EditorHideFlags: 0
  m_Script: {fileID: 11500000, guid: fe87c0e1cc204ed48ad3b37840f39efc, type: 3}
  m_Name: 
  m_EditorClassIdentifier: 
